 Dungeon Crawl Stone Soup version 0.24.0-10-g970556be89 (webtiles) character file.

Game seed: 15454020125810967155, levelgen mode: deterministic

1210 EWolf27 the Skirmisher (level 8, -12/53 HPs)
             Began as a Gargoyle Berserker on Nov 2, 2019.
             Was a Priest of Trog.
             Killed by divine providence
             ... invoked by an orc priest
              (16 damage)
             ... on level 6 of the Dungeon on Nov 3, 2019.
             The game lasted 00:26:43 (6906 turns).

EWolf27 the Skirmisher (Gargoyle Berserker)         Turns: 6906, Time: 00:27:07

Health: -12/53     AC: 17    Str: 22    XL:     8   Next: 45%
Magic:  8/8        EV: 11    Int:  9    God:    Trog [***...]
Gold:   238        SH:  0    Dex:  9    Spells: 7/7 levels left

rFire    . . .     SeeInvis .   a - +0 mace
rCold    . . .     Gourm    .   (no shield)
rNeg     + + .     Faith    .   B - +1 leather armour {rN+}
rPois    ∞         Spirit   .   y - +1 hat
rElec    +         Reflect  .   (no cloak)
rCorr    .         Harm     .   w - +0 pair of gloves
MR       .....                  (no boots)
Stlth    +.........             (no amulet)
HPRegen  0.17/turn              u - +5 ring of protection
MPRegen  0.11/turn              (no ring)

@: no status effects
A: negative energy resistance 1, electricity resistance, unbreathing,
petrification resistance, rot immunity, AC +5
a: Berserk, Trog's Hand, Renounce Religion


You were on level 6 of the Dungeon.
You worshipped Trog.
Trog was most pleased with you.
You were not hungry.

You visited 1 branch of the dungeon, and saw 6 of its levels.

You collected 238 gold pieces.

Inventory:

Hand Weapons
 a - a +0 mace (weapon)
 F - a +1 dagger of venom
Missiles
 d - 202 stones
 x - 6 boomerangs of dispersal (quivered)
Armour
 w - a +0 pair of gloves (worn)
 y - a +1 hat (worn)
 B - a +1 leather armour of positive energy (worn)
Jewellery
 u - a +5 ring of protection (left hand)
Wands
 r - a wand of flame (17)
Scrolls
 e - a scroll of enchant armour {unknown}
 f - a scroll of random uselessness {unknown}
 k - 8 scrolls of remove curse
 n - a scroll of magic mapping
 o - a scroll of teleportation
 p - a scroll of enchant weapon {unknown}
 s - a scroll of identify {unknown}
 t - a scroll of noise {unknown}
 A - a scroll of fear {unknown}
 D - a scroll of amnesia {unknown}
 E - a scroll of fog {unknown}
Potions
 b - a potion of might {unknown}
 g - a potion of degeneration {unknown}
 h - 3 potions of heal wounds {unknown}
 i - 2 potions of mutation {unknown}
 j - 5 potions of lignification {unknown}
 l - 2 potions of flight {unknown}
 m - 3 potions of haste {unknown}
 q - a potion of ambrosia {unknown}
 v - a potion of berserk rage {unknown}
 z - a potion of curing {unknown}
Comestibles
 c - 12 rations
 C - 4 chunks of flesh


   Skills:
 + Level 7.1 Fighting
 + Level 6.6 Maces & Flails
 + Level 6.2 Armour
 - Level 1.5 Dodging
 - Level 0.1 Stealth


You had 7 spell levels left.
You didn't know any spells.
Your spell library was empty.

Dungeon Overview and Level Annotations

Branches:
Dungeon (6/15)
 Temple: D:4-7

Altars:
Gozag
Hepliaklqana
Kikubaaqudgha
Makhleb
Sif Muna
Uskayaw
Wu Jian


Innate Abilities, Weirdness & Mutations

You are resistant to torment.
Your stone body is resilient. (AC +5)
You are immune to poison.
You resist negative energy. (rN+)
You are resistant to electric shocks. (rElec)
You can survive without breathing.
You are immune to petrification.
You are immune to rotting.


Message History

The orc priest invokes the aid of Beogh against you.
Pain shoots through your body!
You completely miss the orc priest.
The orc priest is severely wounded.
The orc priest closely misses you.
You closely miss the orc priest.
The orc priest is severely wounded.
The orc priest closely misses you.
You hit the orc priest.
The orc priest is almost dead.
The orc priest invokes the aid of Beogh against you.
Beogh smites you!
* * * LOW HITPOINT WARNING * * *
You hit the orc priest but do no damage.
The orc priest is almost dead.
The orc warrior throws a stone.
The stone hits you.
* * * LOW HITPOINT WARNING * * *
The orc priest mumbles some strange prayers to Beogh against you.
Beogh smites you!
You die...

#....)..###### .^.≈≈≈♣♣≈≈≈
##.#.#.......### ###.P♣♣♣ ♣♣≈
#.#............ #P≈♣ ≈≈
#.###.#.###.## #P≈♣♣♣♣♣♣≈
#.....#.###.### . #P≈≈P♣≈P≈P
#.#..)...)..#..#####PP≈P≈P≈÷
#.#.#>###.#.#.....(...PP≈P..
# #.#)# #.#o# #.# #o#.PP..#
#.#.#[###.#@# #.# #(#...###
#....)(.(.#.###.# #.#.#.# #
####+###..).o(..####(#.#.###
#§§§§≈####.##....o.o(......
###§≈.§§####.#####.####......
#.+§._§.'....# #.# ###.###
#.#≈≈.§≈###### #.# #.#
#.#≈≈.§≈# #.# #.# #.###'###
#.# #


You could see an orc warrior and an orc priest.

Vanquished Creatures
  2 sky beasts
  An ogre (D:5)
  A centaur (D:6)
  A bullfrog (D:4)
  A scorpion (D:4)
  A howler monkey (D:4)
  2 jellies
  A crimson imp (D:5)
  4 hounds
  4 orc wizards
  A gnoll shaman (D:6)
  6 worker ants
  A howler monkey zombie (D:5)
  4 gnolls
  2 howler monkey skeletons
  4 adders
  A shadow imp (D:5)
  An adder skeleton (D:4)
  An adder zombie (D:5)
  2 worms
  4 dart slugs
  3 leopard geckos
  21 orcs
  8 giant cockroaches
  3 goblins (D:2)
  6 hobgoblins
  6 jackals
  3 quokkas
  A ball python (D:6)
  4 bats
  2 frilled lizards
  5 kobolds
  11 rats
118 creatures vanquished.

Vanquished Creatures (others)
  An orc wizard (D:6)
  A leopard gecko (D:2)
2 creatures vanquished.

Grand Total: 120 creatures vanquished

Notes
Turn   | Place    | Note
-------+----------+-------------------------------------------
     0 | D:1      | EWolf27 the Gargoyle Berserker began the quest for the Orb.
     0 | D:1      | Reached XP level 1. HP: 14/14 MP: 1/1
   107 | D:1      | Reached XP level 2. HP: 19/19 MP: 2/2
  1159 | D:2      | Reached XP level 3. HP: 11/24 MP: 3/3
  1518 | D:2      | Reached skill level 4 in Fighting
  1522 | D:2      | Reached ** piety under Trog
  1759 | D:2      | Found a shimmering blue altar of Sif Muna.
  1793 | D:2      | Found a hazy altar of Hepliaklqana.
  2182 | D:3      | Reached XP level 4. HP: 25/29 MP: 4/4
  2587 | D:3      | Found a burning altar of Makhleb.
  2587 | D:3      | Found an opulent altar of Gozag.
  2667 | D:3      | Reached XP level 5. HP: 22/34 MP: 5/5
  3223 | D:3      | Reached skill level 5 in Fighting
  3223 | D:3      | Reached XP level 6. HP: 7/40 MP: 6/6
  3737 | D:3      | Upgraded the game from 0.24.0-7-gb3623d2c88 to
                  | 0.24.0-10-g970556be89
  3929 | D:4      | Reached skill level 5 in Maces & Flails
  4065 | D:4      | Reached *** piety under Trog
  4184 | D:4      | Reached XP level 7. HP: 44/44 MP: 7/7
  4594 | D:5      | Entered Level 5 of the Dungeon
  4635 | D:5      | Reached skill level 6 in Fighting
  4642 | D:5      | Reached skill level 5 in Armour
  5378 | D:5      | Found a hide-covered altar of Uskayaw.
  5401 | D:5      | Reached XP level 8. HP: 42/52 MP: 8/8
  5564 | D:5      | Found an ancient bone altar of Kikubaaqudgha.
  6063 | D:6      | Found an ornate altar of the Wu Jian Council.
  6353 | D:6      | Reached skill level 7 in Fighting
  6906 | D:6      | Killed from afar by an orc priest

Levels and vault maps discovered:
D:1:      onia_arrival_larder, layout_loops_ring, chequers_decorated_corner,
          minmay_tetromino_s2
D:2:      layout_loops_ring, led_sif_pool, lemuel_crystal_altar,
          serial_bayou_ford_a, minmay_door_square
D:3:      layout_rooms, gammafunk_temple_overflow_elements, first_ration,
          cheibrodos_gnoll_hut
D:4:      layout_rooms
D:5:      cheibrodos_helix_gallery, layout_basic,
          eat_drink_and_be_merry_uskayaw, nicolae_overflow_crystal_walls,
          nicolae_underground_beach
D:6:      layout_loops_ring, tso_metal_star, kennysheep_little_box,
          serial_shops, kennysheep_mini, grunt_ministairs_10,
          serial_bayou_pond_c

Skill      XL: |  1  2  3  4  5  6  7  8 |
---------------+-------------------------+-----
Fighting       | 4 5 6 7 |  7.1
Maces & Flails | 4 5 6 |  6.6
Armour         | 3 4 5 6 |  6.2
Dodging        | |  1.5
Stealth        | |  0.1

Action                   |  1- 3 |  4- 6 |  7- 9 || total
-------------------------+-------+-------+-------++-------
Melee: Mace              |   102 |   171 |   229 ||   502
Invok: Trog's Hand       |       |     1 |     2 ||     3
       Berserk           |       |     1 |     2 ||     3
  Use: Scroll            |       |       |     3 ||     3
  Eat: Chunk             |     4 |     7 |     8 ||    19
       Ration            |       |       |     2 ||     2
Armor: Animal skin       |    27 |       |       ||    27
       Leather armour    |     4 |   106 |   187 ||   297
Dodge: Dodged            |    68 |   133 |   132 ||   333
